 Dungeon Crawl Stone Soup version 0.21-a0-265-gb353147 (webtiles) character file.

17267 4thArraOfDagon the Fighter (level 12, -11/92 HPs)
             Began as a Barachi Arcane Marksman on Sept 11, 2017.
             Was an Elder of Hepliaklqana.
             Killed from afar by Louise (24 damage)
             ... with a bolt of lightning
             ... on level 14 of the Dungeon.
             The game lasted 00:42:48 (8028 turns).

4thArraOfDagon the Fighter (BaAM)                   Turns: 8028, Time: 00:42:48

Health: -11/92     AC: 16    Str: 20    XL:     12   Next: 46%
Magic:  16/18      EV: 19    Int: 18    God:    Hepliaklqana [****..]
Gold:   805        SH:  0    Dex: 16    Spells: 10/13 levels left

rFire    + . .     SeeInvis .   F - +2 halberd of the Cup {chaos, rPois rC+ Str+3}
rCold    + . .     Gourm    .   (shield currently unavailable)
rNeg     + . .     Faith    .   X - +3 ring mail of Impermeability {+Fly rF+ Dex+3 Stlth+}
rPois    +         Spirit   .   o - +1 helmet
rElec    .         Reflect  .   (no cloak)
rCorr    +         Harm     .   G - +2 pair of gloves
MR       +....                  (no boots)
Stlth    ++........             (no amulet)
HPRegen  0.25/turn              M - ring of resist corrosion
MPRegen  0.16/turn              Y - ring of positive energy

@: mighty, slow
A: +LOS, swims, reduced essence, magic resistance 1, slowness 1, strong legs 1
a: Hop, Recall Ancestor, Ancestor Identity, Transference, Idealise, Renounce
Religion, Evoke Flight


You were on level 14 of the Dungeon.
You worshipped Hepliaklqana.
Hepliaklqana was greatly pleased with you.
You were not hungry.

You visited 1 branch of the dungeon, and saw 15 of its levels.
You also visited: Ossuary.

You collected 1113 gold pieces.
You spent 308 gold pieces at shops.

Inventory:

Hand Weapons
 a - a +0 hand crossbow
 b - a +4 scimitar of flaming
 F - the +2 halberd of the Cup (weapon) {chaos, rPois rC+ Str+3}
   (You bought it in a shop on level 5 of the Dungeon)

   Each time it hits an enemy it has a different, random effect.
   It affects your strength (+3).
   It protects you from cold.
   It protects you from poison.
 I - a +0 glaive of venom
 P - a +2 hand axe of flaming
Missiles
 d - 77 bolts
Armour
 o - a +1 helmet (worn)
 G - a +2 pair of gloves (worn)
 X - the +3 ring mail of Impermeability (worn) {+Fly rF+ Dex+3 Stlth+}
   (You took it off an orc on level 11 of the Dungeon)

   It affects your dexterity (+3).
   It protects you from fire.
   It lets you fly.
   It makes you more stealthy.
Magical Staves
 R - an uncursed staff of summoning {unknown}
Jewellery
 v - an uncursed ring of flight
 J - an uncursed ring of protection from cold
 M - a ring of resist corrosion (left hand)
 O - an uncursed ring of stealth
 Y - a ring of positive energy (right hand)
Wands
 E - a wand of enslavement (13/24)
 S - a wand of lightning (10/15)
 U - a wand of lightning (6/15)
Scrolls
 g - a scroll of blinking {unknown}
 j - 2 scrolls of magic mapping {unknown}
 l - a scroll of amnesia {unknown}
 m - 2 scrolls of fear
 q - a scroll of remove curse
 w - 5 scrolls of teleportation
 y - a scroll of noise {unknown}
 H - a scroll of enchant armour {unknown}
 K - 2 scrolls of acquirement {unknown}
 L - 2 scrolls of enchant weapon
 N - a scroll of torment {unknown}
Potions
 h - a potion of brilliance {unknown}
 p - 2 potions of heal wounds
 r - a potion of magic {unknown}
 s - 4 potions of haste
 u - 2 potions of might
 x - 8 potions of curing {unknown}
 z - 3 potions of flight
 A - 2 potions of mutation {unknown}
 B - a potion of resistance {unknown}
 C - 2 potions of agility
 D - a potion of invisibility
Books
 c - a book of Debilitation

   Spells                             Type                      Level
   a - Corona                         Hexes                        1
   b - Slow                           Hexes                        2
   c - Inner Flame                    Hexes/Fire                   3
   d - Portal Projectile              Hexes/Translocation          3
   e - Cause Fear                     Hexes                        4
   f - Leda's Liquefaction            Hexes/Earth                  4
Miscellaneous
 Z - a box of beasts
Comestibles
 f - 4 bread rations
 i - 6 meat rations
 T - 3 royal jellies


   Skills:
 - Level 12.4 Fighting
 * Level 2.0 Long Blades
 - Level 5.0 Crossbows
 - Level 11.0 Armour
 - Level 11.0 Dodging
 - Level 1.1 Spellcasting
 - Level 3.2 Hexes
 + Level 8.4 Invocations


You had 10 spell levels left.
You knew the following spells:

 Your Spells              Type           Power        Failure   Level  Hunger
a - Corona                Hex            ##.....      8%          1    ##.....
b - Swiftness             Chrm/Air       #.......     41%         2    ###....


Dungeon Overview and Level Annotations

Branches:
Dungeon (15/15)            Temple (0/1) D:7            Lair (0/6) D:11
    Orc: D:9-12      Vaults: D:13-14     Depths: D:15

Altars:
Cheibriados
Dithmenos
Fedhas
Hepliaklqana
Nemelex Xobeh
Okawaru
Sif Muna
Trog
Vehumet
Wu Jian
Xom
Yredelemnul
The Shining One

Shops:
D:5 (   D:6 ?:

Annotations:
D:12 kal9871's ghost, journeyman HuFi
D:14 Louise


Innate Abilities, Weirdness & Mutations

Shadows flee at your approach. (+LOS)
You can swim through water.
You cover ground slowly.
You can hop short distances.
Your life essence is reduced to manifest your ancestor. (-10% HP)
You are resistant to hostile enchantments. (MR+)


Message History

Louise seems less drained. Ælfthryth blocks Louise's attack.
Louise blocks Ælfthryth's attack.
The purple ugly thing gores you but does no damage.
Louise hits Ælfthryth but does no damage.
Louise blocks Ælfthryth's attack.
Attack whom?
Press: ? - help, Dir - move target cursor, f/p - Louise
Aim: Louise, wielding a morningstar of protection, wearing a chain mail and wearing a large shield (almost dead, fast, poisoned)
You reach to attack!
You barely miss Louise.
Louise is almost dead.
The cyan ugly thing basks in the mutagenic energy from its kin and changes!
Louise gestures at you while chanting. The bolt of lightning hits you!
* * * LOW HITPOINT WARNING * * *
The purple ugly thing gores you!
* * * LOW HITPOINT WARNING * * *
Ælfthryth hits Louise with a flail.
Louise gestures at you while chanting. The bolt of lightning hits you!
You die...

#.### ###.# #...#
#.... ###########'###
#....
#.............###....
#.............#......
#.............'.#....
#.............###....
#.....R.......# #....
#...@.@.......# #####
####u########## #u#
#u. ##.# .. ... ...
....


You could see the friendly Ælfthryth the knight, Louise and 3 ugly things.

Vanquished Creatures
  A hydra (D:8)
  3 centaur warriors
  A two-headed ogre (D:11)
  A cyclops (D:12)
  2 kobold demonologists
  An efreet (D:14)
  A troll (D:13)
  A hornet (D:12)
  A dream sheep (D:8)
  A wyvern (shapeshifter) (D:12)
  A water elemental (D:14)
  3 wraiths
  A vampire (D:14)
  4 yaks
  A wyvern (D:11)
  A hungry ghost (D:14)
  An orc warrior (D:11)
  3 ice beasts
  An eye of draining (D:12)
  3 centaurs
  A necrophage (D:9)
  2 wolves (D:8)
  3 crocodiles
  3 big kobolds (D:8)
  4 bullfrogs
  A wyvern skeleton (D:14)
  A scorpion (D:10)
  A killer bee (D:11)
  A wight (D:14)
  3 howler monkeys
  A crimson imp (D:6)
  5 centaur zombies
  5 jellies
  A quasit (D:11)
  3 orc priests
  5 hounds
  4 orc wizards
  A centaur skeleton (D:7)
  3 iguanas
  6 worker ants
  A hound skeleton (D:5)
  A mummy (Ossuary)
  Robin (D:2)
  A howler monkey skeleton (D:8)
  6 adders
  2 oozes
  An adder skeleton (D:9)
  2 adder zombies (D:7)
  3 worms
  A dart slug (D:3)
  4 leopard geckos
  14 orcs
  6 giant cockroaches
  13 goblins
  4 hobgoblins
  5 jackals
  3 quokkas
  A ball python skeleton (D:5)
  A bat (D:3)
  3 frilled lizards
  14 kobolds
  2 orc zombies (Ossuary)
  4 rats
179 creatures vanquished.

Vanquished Creatures (collateral kills)
  A centaur warrior (D:13)
  The ghost of zkyp the Arsonist, a novice OgFE of Vehumet (D:8)
  A wolf spider (D:14)
  2 centaur skeletons
  A komodo dragon (D:12)
  A meliai (D:11)
  Prince Ribbit (D:8)
  A dream sheep (D:8)
  A wraith (D:14)
  2 wyverns
  2 yaks
  2 basilisks (D:11)
  2 hungry ghosts
  Grum (D:8)
  An acid dragon (D:11)
  2 ice beasts
  An orc warrior (D:9)
  2 sky beasts
  An eye of draining (D:14)
  A phantom (D:8)
  2 wolves (D:8)
  An ogre (D:11)
  2 centaurs
  3 big kobolds
  4 bullfrogs
  A wyvern skeleton (D:11)
  A scorpion (D:10)
  2 wights (D:14)
  5 killer bees (D:11)
  An electric eel (D:14)
  A crimson imp (D:8)
  3 hounds
  A jelly (D:5)
  5 orc wizards
  An orc priest (D:11)
  2 iguanas
  2 worker ants
  A killer bee zombie (D:8)
  A howler monkey zombie (D:8)
  7 mummies (Ossuary)
  A worker ant zombie (D:11)
  9 adders
  2 dart slugs (D:1)
  2 leopard geckos (D:5)
  17 orcs
  4 goblins
  2 hobgoblins
  3 jackals (D:11)
  4 kobolds
  2 quokkas
  A bat (D:2)
  4 frilled lizards
  2 hobgoblin zombies (Ossuary)
  A kobold zombie (Ossuary)
  3 orc zombies (Ossuary)
  2 rats (D:1)
132 creatures vanquished.

Vanquished Creatures (others)
  5 knights
  3 orcs (D:3)
  A goblin (D:3)
9 creatures vanquished.

Grand Total: 320 creatures vanquished

Notes
Turn   | Place    | Note
-------+----------+-------------------------------------------
     0 | D:1      | 4thArraOfDagon the Barachi Arcane Marksman began the quest for the Orb.
     0 | D:1      | Reached XP level 1. HP: 15/15 MP: 2/2
   114 | D:2      | Found a shadowy altar of Dithmenos.
   136 | D:2      | Reached XP level 2. HP: 20/21 MP: 3/3
   173 | D:2      | Reached XP level 3. HP: 26/26 MP: 4/4
   369 | D:2      | Noticed Robin
   413 | D:2      | Reached XP level 4. HP: 22/32 MP: 5/5
   463 | D:2      | Killed Robin
   581 | D:3      | Found a hazy altar of Hepliaklqana.
   587 | D:3      | Became a worshipper of Hepliaklqana the Forgotten
  1025 | D:1      | Reached * piety under Hepliaklqana
  1150 | D:2      | Found a radiant altar of Vehumet.
  1151 | D:2      | Found a shimmering altar of Xom.
  1152 | D:2      | Found a sparkling altar of Nemelex Xobeh.
  1222 | D:3      | Reached skill level 5 in Crossbows
  1230 | D:3      | Reached XP level 5. HP: 26/33 MP: 6/6
  1237 | D:3      | Reached skill level 2 in Fighting
  1270 | D:3      | Found a blossoming altar of Fedhas.
  1421 | D:3      | Found a glowing golden altar of the Shining One.
  1421 | D:3      | Found a basalt altar of Yredelemnul.
  1432 | D:3      | Reached skill level 3 in Fighting
  1442 | D:3      | Noticed an angel
  1446 | D:3      | Noticed a profane servitor
  1558 | D:4      | Found an iron altar of Okawaru.
  1559 | D:4      | Found a bloodstained altar of Trog.
  1587 | D:4      | Reached ** piety under Hepliaklqana
  1592 | D:4      | Remembered your ancestor Ælfthryth as a knight
  1662 | D:4      | Found a sand-covered staircase.
  1667 | Ossuary  | Entered an ossuary
  1711 | Ossuary  | Reached XP level 6. HP: 43/43 MP: 7/7
  1741 | Ossuary  | Reached skill level 1 in Invocations
  1742 | Ossuary  | Reached skill level 4 in Fighting
  2311 | D:5      | Entered Level 5 of the Dungeon
  2388 | D:5      | Learned a level 2 spell: Swiftness
  2427 | D:5      | Reached skill level 1 in Armour
  2480 | D:5      | Reached skill level 5 in Fighting
  2480 | D:5      | Reached XP level 7. HP: 45/50 MP: 8/8
  2558 | D:5      | Found Degitef's Antique Weapon Shop.
  2611 | D:5      | Bought an ivory halberd for 153 gold pieces
  2611 | D:5      | Identified the +2 halberd of the Cup {chaos, rPois rC+ Str+3} (You bought it in a shop on level 5 of the Dungeon)
  2751 | D:6      | Reached *** piety under Hepliaklqana
  2793 | D:6      | Vidiiot: I like your weapon :p
  2816 | D:6      | Found Xoraruci's Book Shop.
  2846 | D:6      | Found a snail-covered altar of Cheibriados.
  2854 | D:6      | 4thArraOfDagon: wow
  2854 | D:6      | 4thArraOfDagon: worms go berserk
  2854 | D:6      | Vidiiot: Yeah
  2854 | D:6      | Vidiiot: Your weapon is Chaos :P
  2864 | D:6      | 4thArraOfDagon: how on earth I thought its slash :)
  2870 | D:6      | Vidiiot: Haha. :P
  2887 | D:6      | Vidiiot: Good luck!
  2917 | D:6      | Found Surygg's Magic Scroll Shop.
  2940 | D:6      | Bought a scroll of teleportation for 30 gold pieces
  2940 | D:6      | Bought a scroll of enchant weapon for 75 gold pieces
  2940 | D:6      | Bought a scroll of identify for 20 gold pieces
  2940 | D:6      | Bought a scroll of remove curse for 30 gold pieces
  2946 | D:6      | Noticed a wraith
  2956 | D:6      | Killed a wraith
  2956 | D:6      | Reached skill level 6 in Fighting
  2956 | D:6      | Reached XP level 8. HP: 47/57 MP: 9/9
  3127 | D:6      | Reached skill level 5 in Dodging
  3201 | D:6      | Reached skill level 7 in Fighting
  3201 | D:6      | Reached skill level 5 in Armour
  3401 | D:7      | Found an ornate altar of the Wu Jian Council.
  3471 | D:7      | Found a staircase to the Ecumenical Temple.
  3712 | D:8      | Reached XP level 9. HP: 59/64 MP: 11/11
  3809 | D:8      | Reached **** piety under Hepliaklqana
  3811 | D:8      | Noticed zkyp's ghost (novice OgFE)
  3829 | D:8      | Killed zkyp's ghost
  3829 | D:8      | Reached skill level 8 in Fighting
  4003 | D:8      | Noticed a two-headed hydra
  4007 | D:8      | Killed a one-headed hydra
  4007 | D:8      | Reached skill level 9 in Fighting
  4007 | D:8      | Reached skill level 5 in Invocations
  4007 | D:8      | Reached XP level 10. HP: 67/74 MP: 13/13
  4042 | D:8      | Noticed Grum
  4054 | D:8      | Killed Grum
  4134 | D:8      | Noticed Prince Ribbit
  4143 | D:8      | Killed Prince Ribbit
  4556 | D:9      | Reached skill level 10 in Fighting
  4817 | D:10     | Entered Level 10 of the Dungeon
  5186 | D:10     | Found a deep blue altar of Sif Muna.
  5212 | D:10     | Reached XP level 11. HP: 82/82 MP: 15/15
  6105 | D:12     | Gained mutation: You are resistant to hostile enchantments. (MR+) [mutagenic meat]
  6126 | D:12     | Found an iron altar of Okawaru.
  6136 | D:12     | Reached skill level 11 in Fighting
  6146 | D:12     | Noticed a centaur warrior
  6155 | D:12     | Killed a centaur warrior
  6155 | D:12     | Reached skill level 10 in Armour
  6171 | D:12     | Noticed a cyclops
  6211 | D:12     | Noticed kal9871's ghost (journeyman HuFi)
  6211 | D:12     | Killed a cyclops
  6352 | D:11     | Got a warped robe
  6373 | D:11     | Found a staircase to the Lair.
  6444 | D:11     | Identified the +1 robe of Miracles {-Tele Dex+5} (You took it off an orc on level 11 of the Dungeon)
  6638 | D:11     | Got a faintly glowing ring mail
  6674 | D:11     | Identified the +3 ring mail of Impermeability {+Fly rF+ Dex+3 Stlth+} (You took it off an orc on level 11 of the Dungeon)
  6722 | D:11     | Noticed a two-headed ogre
  6735 | D:11     | Killed a two-headed ogre
  6735 | D:11     | Reached skill level 10 in Dodging
  6969 | D:13     | Noticed a manticore
  7031 | D:12     | Reached ***** piety under Hepliaklqana
  7050 | D:13     | Noticed a red ugly thing
  7069 | D:13     | Noticed a centaur warrior
  7084 | D:13     | Killed a centaur warrior
  7084 | D:13     | Reached XP level 12. HP: 56/91 MP: 17/17
  7161 | D:14     | Noticed a centaur warrior
  7171 | D:14     | Killed a centaur warrior
  7237 | D:14     | Found a snail-covered altar of Cheibriados.
  7305 | D:14     | Noticed a centaur warrior
  7436 | D:14     | Reached skill level 12 in Fighting
  7531 | D:15     | Entered Level 15 of the Dungeon
  7693 | D:14     | Killed a centaur warrior
  7910 | D:15     | Noticed a centaur warrior
  7999 | D:14     | Noticed Louise
  8028 | D:14     | Killed from afar by Louise

Vault maps used:
D:1:      nzn_arrival_crosshair, minmay_liquid_box
D:2:      gammafunk_temple_overflow_forgotten, nicolae_dithmenos_shadow_blocks,
          uniq_robin
D:3:      grunt_temple_overflow_holy_war, old_standard_altar, old_standard_altar
D:4:      grunt_temple_overflow_bloody_war,
          nicolae_ossuary_entry_false_entrances
D:5:      serial_shops, shop_coins, first_bread, minivault_19, minivault_1
D:6:      slow_altar_1, serial_shops, shop, shop, shop
D:7:      nicolae_overflow_hidden_temple, lemuel_blue_sif_altar, temple_doors_ab
D:8:      kennysheep_windowed_halls, hangedman_ranch, uniq_grum,
          uniq_prince_ribbit1, uniq_psyche, uniq_pikel
D:9:      hangedman_minor_gate_pass
D:10:     orc_0_dummy, basic_altar
D:11:     erik_lair_dragon
D:12:     okawaru_ov_weapons_minmay
D:13:     david_vaults_2
D:14:     basic_altar, infiniplex_staircase_pool, uniq_louise
D:15:     grunt_enter_depths_magical_seal, serial_shops, shop,
          wad_floor_pattern_2
Ossuary:  ossuary_tomb_3

Skill      XL: |  1  2  3  4  5  6  7  8  9 10 11 12 |
---------------+-------------------------------------+-----
Crossbows      | 3 4 5 |  5.0
Fighting       | 3 5 6 7 9 10 11 12 | 12.4
Invocations    | 2 3 5 6 7 8 |  8.4
Armour         | 1 3 5 7 9 10 11 | 11.0
Dodging        | 4 5 7 8 10 11 | 11.0
Long Blades    | 2 |  2.0
Spellcasting   | |  1.1
Hexes          | |  3.2

Action                   |  1- 3 |  4- 6 |  7- 9 | 10-12 || total
-------------------------+-------+-------+-------+-------++-------
Melee: Mace              |    46 |   125 |       |       ||   171
       Halberd           |       |       |   174 |   443 ||   617
       Hand axe          |       |       |     4 |       ||     4
 Fire: Hand crossbow     |    39 |    66 |     9 |       ||   114
Invok: Ancestor Life: Kn |       |     1 |       |       ||     1
       Recall Ancestor   |       |       |     1 |     4 ||     5
       Idealise          |       |       |     1 |     3 ||     4
 Abil: Hop               |       |     1 |       |       ||     1
Evoke: Wand              |       |       |       |     3 ||     3
  Use: Scroll            |       |     4 |     4 |     7 ||    15
       Potion            |       |     1 |       |     3 ||     4
 Stab: Distracted        |       |       |     1 |     3 ||     4
       Confused          |       |       |     1 |     2 ||     3
       Petrified         |       |       |     3 |     2 ||     5
       Paralysed         |       |       |       |     5 ||     5
  Eat: Chunk             |       |     3 |     1 |     1 ||     5
       Royal jelly       |       |     3 |     1 |     4 ||     8
       Fruit             |       |       |    11 |     2 ||    13
Armor: Scale mail        |    25 |    98 |   102 |   123 ||   348
       Ring mail         |       |       |       |    72 ||    72
Dodge: Dodged            |    30 |   113 |   102 |   305 ||   550

Table legend:
 A = Spawn XP
 B = Non-spawn XP
 C = Spawn XP percentage of total XP
 D = Spawn monster count
 E = Non-spawn monster count
 F = Spawn count percentage of total count
 G = Total turns spent on level
                    A         B        C        D         E        F      G
               +---------+---------+-------+---------+---------+-------+---------
         Total |       0 |   24668 |   0.0 |       0 |     311 |   0.0 |  8028
               +---------+---------+-------+---------+---------+-------+---------
           D:1 |       0 |      28 |   0.0 |       0 |      16 |   0.0 |   351
           D:2 |       0 |     117 |   0.0 |       0 |      35 |   0.0 |   654
           D:3 |       0 |     137 |   0.0 |       0 |      22 |   0.0 |   602
           D:4 |       0 |      48 |   0.0 |       0 |       3 |   0.0 |   474
           D:5 |       0 |     355 |   0.0 |       0 |      13 |   0.0 |   418
           D:6 |       0 |    1032 |   0.0 |       0 |      24 |   0.0 |   493
           D:7 |       0 |     313 |   0.0 |       0 |      16 |   0.0 |   382
           D:8 |       0 |    4463 |   0.0 |       0 |      43 |   0.0 |   849
           D:9 |       0 |    1509 |   0.0 |       0 |      17 |   0.0 |   364
          D:10 |       0 |    1158 |   0.0 |       0 |      14 |   0.0 |   470
          D:11 |       0 |    5386 |   0.0 |       0 |      49 |   0.0 |  1375
          D:12 |       0 |    3020 |   0.0 |       0 |      16 |   0.0 |   368
          D:13 |       0 |    1624 |   0.0 |       0 |       5 |   0.0 |   143
          D:14 |       0 |    5327 |   0.0 |       0 |      22 |   0.0 |   782
       Ossuary |       0 |     151 |   0.0 |       0 |      16 |   0.0 |   230
               +---------+---------+-------+---------+---------+-------+---------
